 Dungeon Crawl Stone Soup version 0.21-a0-625-g1119ec1 (webtiles) character file.

774 slep the Slasher (level 7, -12/37 HPs)
             Began as a Vine Stalker Monk on Dec 25, 2017.
             Mangled by Menkaure (18 damage)
             ... on level 5 of the Dungeon.
             The game lasted 00:11:24 (2937 turns).

slep the Slasher (Vine Stalker Monk)                Turns: 2937, Time: 00:11:25

Health: -12/37     AC:  4    Str: 14    XL:     7   Next: 84%
Magic:  0/8        EV: 14    Int: 10    God:
Gold:   240        SH:  0    Dex: 18    Spells: 6/6 levels left

rFire    . . .     SeeInvis +   a - +0 falchion
rCold    . . .     Gourm    .   (no shield)
rNeg     . . .     Faith    .   s - +0 leather armour
rPois    .         Spirit   +   (no helmet)
rElec    .         Reflect  .   (no cloak)
rCorr    .         Harm     .   (no gloves)
MR       .....                  l - +0 pair of boots (curse)
Stlth    +++.......             (no amulet)
HPRegen  0.52/turn              n - ring of see invisible
MPRegen  0.11/turn              (no ring)

@: no status effects
A: fangs 2, regeneration 1, magic shield, antimagic bite, no potion heal 3, rot
immunity
a: no special abilities


You were on level 5 of the Dungeon.
You were not hungry.

You visited 1 branch of the dungeon, and saw 5 of its levels.

You collected 240 gold pieces.

Inventory:

Hand Weapons
 a - a +0 falchion (weapon)
Missiles
 w - 10 poisoned needles
 x - 4 tomahawks (quivered)
Armour
 b - a +0 robe
 l - a cursed +0 pair of boots (worn)
 s - a +0 leather armour (worn)
Jewellery
 n - a ring of see invisible (left hand)
Scrolls
 d - 5 scrolls of remove curse {unknown}
 g - a scroll of fear {unknown}
 i - 2 scrolls of teleportation {unknown}
 m - 2 scrolls of amnesia {unknown}
 o - 2 scrolls of blinking {unknown}
 p - a scroll of fog {unknown}
 q - a scroll of identify {unknown}
 r - a scroll of enchant weapon {unknown}
Potions
 e - 2 potions of heal wounds {unknown}
 f - 3 potions of haste {unknown}
 h - a potion of agility {unknown}
 j - a potion of cancellation {unknown}
 k - 3 potions of curing
 t - 2 potions of lignification {unknown}
 u - a potion of magic {unknown}
 v - 2 potions of ambrosia {unknown}
Comestibles
 c - 16 rations
 z - 3 chunks of flesh


   Skills:
 + Level 4.0 Fighting
 + Level 5.7 Long Blades
 + Level 1.7 Armour
 + Level 3.6 Dodging
 + Level 4.9 Stealth


You had 6 spell levels left.
You didn't know any spells.

Dungeon Overview and Level Annotations

Branches:
Dungeon (5/15)
 Temple: D:4-7

Altars:
Fedhas
Vehumet

Annotations:
D:5 Menkaure


Innate Abilities, Weirdness & Mutations

You have extremely sharp teeth.
Your natural rate of healing is unusually fast.
When hurt, damage is shared between your health and your magic reserves.
Your bite disrupts and absorbs the magic of your enemies.
Potions cannot restore your health.
You are immune to rotting.


Message History

Menkaure calls on the powers of darkness!
Your body is wracked with pain!
* * * LOW HITPOINT WARNING * * *
You barely miss Menkaure.
Menkaure is moderately damaged.
Menkaure calls on the powers of darkness!
Your body is wracked with pain!
* * * LOW HITPOINT WARNING * * *
You hit Menkaure. You bite Menkaure.
Menkaure's magic leaks into the air.
You drain his magic.
You feel invigorated.
Menkaure is heavily damaged.
Menkaure barely misses you.
You hit Menkaure. You bite Menkaure.
Menkaure's magic leaks into the air.
You drain his magic.
You feel invigorated.
Menkaure is severely damaged.
Menkaure closely misses you.
You hit Menkaure but do no damage.
Menkaure is severely damaged.
Menkaure hits you!!
You die...

######..#<###
#.....#
###.#.#..#
..###...#
###.#.#..#
#..#..#
#..#..#
#.)#..#
#..@..#
#..#M..#
#....#....#
#.?#.. ####
#.....#
#.##..# #.
..# #. .##


You could see Menkaure.

Vanquished Creatures
  An ice beast (D:4)
  An ogre (D:4)
  A centaur (D:5)
  2 scorpions
  A crimson imp (D:3)
  4 orc priests
  A hound (D:4)
  An orc wizard (D:3)
  An iguana (D:4)
  7 adders
  A gnoll (D:1)
  An ooze (D:2)
  2 worms
  5 dart slugs
  5 leopard geckos
  16 orcs
  2 giant cockroaches
  5 hobgoblins
  7 jackals
  2 ball pythons
  5 bats
  3 frilled lizards (D:2)
  7 goblins
  5 kobolds
  A leopard gecko skeleton (D:4)
  8 rats
95 creatures vanquished.

Notes
Turn   | Place    | Note
-------+----------+-------------------------------------------
     0 | D:1      | slep the Vine Stalker Monk began the quest for the Orb.
     0 | D:1      | Reached XP level 1. HP: 11/11 MP: 2/2
   157 | D:1      | Reached XP level 2. HP: 15/16 MP: 3/3
   325 | D:1      | Reached skill level 3 in Long Blades
   509 | D:1      | Reached XP level 3. HP: 20/20 MP: 4/4
   680 | D:2      | Found a blossoming altar of Fedhas.
   852 | D:2      | Gained mutation: Your natural rate of healing is unusually fast. [Vine Stalker growth]
   852 | D:2      | Reached XP level 4. HP: 8/24 MP: 5/5
  1248 | D:3      | Reached skill level 4 in Long Blades
  1248 | D:3      | Reached XP level 5. HP: 12/28 MP: 4/6
  1485 | D:3      | Reached XP level 6. HP: 16/32 MP: 7/7
  1769 | D:3      | Reached skill level 5 in Long Blades
  2361 | D:4      | Found a radiant altar of Vehumet.
  2472 | D:4      | Reached XP level 7. HP: 15/37 MP: 5/8
  2772 | D:4      | Reached skill level 1 in Armour
  2861 | D:5      | Entered Level 5 of the Dungeon
  2925 | D:5      | Noticed Menkaure
  2937 | D:5      | Mangled by Menkaure

Vault maps used:
D:1:      dpeg_arrival_short_road, grunt_decor_cap
D:2:      fedhas_altar_2
D:4:      overflow_temple_1_default, kennysheep_generic_room_9
D:5:      first_ration, uniq_menkaure

Skill      XL: |  1  2  3  4  5  6  7 |
---------------+----------------------+-----
Long Blades    | 3 4 5 |  5.7
Fighting       | 3 4 |  4.0
Stealth        | 3 4 |  4.9
Dodging        | 3 |  3.6
Armour         | 1 |  1.7

Action                   |  1- 3 |  4- 6 |  7- 9 || total
-------------------------+-------+-------+-------++-------
Melee: Falchion          |    70 |   205 |    56 ||   331
       Bite              |    25 |    81 |    28 ||   134
  Use: Potion            |     1 |       |       ||     1
 Stab: Sleeping          |     7 |    10 |     2 ||    19
  Eat: Chunk             |       |     5 |     2 ||     7
Armor: Robe              |    11 |    25 |       ||    36
       Leather armour    |       |     7 |    11 ||    18
Dodge: Dodged            |    55 |   120 |    31 ||   206
       Rpst.: Falchion   |    19 |    43 |     8 ||    70

Table legend:
 A = Spawn XP
 B = Non-spawn XP
 C = Spawn XP percentage of total XP
 D = Spawn monster count
 E = Non-spawn monster count
 F = Spawn count percentage of total count
 G = Total turns spent on level
                    A         B        C        D         E        F      G
               +---------+---------+-------+---------+---------+-------+---------
         Total |       0 |    1106 |   0.0 |       0 |      95 |   0.0 |  2937
               +---------+---------+-------+---------+---------+-------+---------
           D:1 |       0 |      35 |   0.0 |       0 |      11 |   0.0 |   592
           D:2 |       0 |      77 |   0.0 |       0 |      28 |   0.0 |   649
           D:3 |       0 |     382 |   0.0 |       0 |      39 |   0.0 |  1019
           D:4 |       0 |     450 |   0.0 |       0 |      12 |   0.0 |   601
           D:5 |       0 |     162 |   0.0 |       0 |       5 |   0.0 |    76
               +---------+---------+-------+---------+---------+-------+---------
